 Dungeon Crawl Stone Soup version 0.30-a0-1082-g70414cbcbb (webtiles) character file.

Game seed: 13647301094765857776

807 demibob the Grave Robber (level 7, 0/46 HPs)
             Began as a Demonspawn Necromancer on Apr 16, 2023.
             Was a Follower of Vehumet.
             Slain by an orc warrior
             ... wielding a +0 war axe
              (1 damage)
             ... on level 6 of the Dungeon.
             The game lasted 00:15:24 (5174 turns).

demibob the Grave Robber (Demonspawn Necromancer)   Turns: 5174, Time: 00:15:25

Health: 0/46       AC:  8    Str:  8    XL:     7   Next: 60%
Magic:  7/10       EV: 17    Int: 19    God:    Vehumet [*.....]
Gold:   123        SH:  0    Dex: 13    Spells: 9/10 levels left

rFire   . . .      SeeInvis .    e - +0 long sword (venom)
rCold   . . .      Faith    .    (no shield)
rNeg    + . .      Spirit   .    a - +1 robe
rPois   .          Reflect  .    l - +0 helmet
rElec   .          Rampage  .    f - +0 cloak
rCorr   .                        q - +1 pair of gloves {Stlth+}
Will    .....                    i - +0 pair of boots
Stlth   +++                      (no amulet)
HPRegen 0.27/turn                N - ring of positive energy
MPRegen 0.12/turn                (no ring)

@: agile
A: ignite blood 1, powered by pain 1, weakness stinger 2
a: Renounce Religion


You were on level 6 of the Dungeon.
You worshipped Vehumet.
Vehumet was aware of your devotion.
You visited 1 branch of the dungeon, and saw 6 of its levels.

You collected 325 gold pieces.
You spent 202 gold pieces at shops.


Innate Abilities, Weirdness & Mutations

Your demonic aura sometimes causes spilled blood to erupt in flames.
You sometimes gain a little power by taking damage.
You have a tail ending in a sharp stinger.


   Skills:
 - Level 1.2 Long Blades
 + Level 4.8 Staves
 - Level 1.7 Dodging
 - Level 1.7 Stealth
 - Level 2.0 Spellcasting
 - Level 5.3 Necromancy
 - Level 5.0 Poison Magic
 + Level 1.9 Evocations


You had 9 spell levels left.
You knew the following spells:

 Your Spells              Type           Power      Damage    Failure   Level
X - Necrotise             Necr           88%        1d8       1%          1

Your spell library contained the following spells:

 Spells                   Type           Power      Damage    Failure   Level
 Foxfire                  Conj/Fire      4%         2x1d4     17%         1
 Vampiric Draining        Necr           22%        2d7       6%          3
 Animate Dead             Necr           22%        N/A       19%         4
 Agony                    Necr           22%        N/A       47%         5
 Animate Armour           Summ/Erth      2%         N/A       86%         4
 Petrify                  Tmut/Erth      1%         N/A       86%         4
 Blade Hands              Tmut           0%         N/A       99%         5
 Metabolic Englaciation   Hex/Ice        0%         N/A       99%         5
 Iron Shot                Conj/Erth      0%         9d1       100%        6
 Statue Form              Tmut/Erth      0%         N/A       100%        6

Inventory:

Hand Weapons
 e - a +0 long sword of venom (weapon)
Armour
 a - a +1 robe (worn)
 f - a +0 cloak (worn)
 i - a +0 pair of boots (worn)
 l - a +0 helmet (worn)
 q - a +1 pair of gloves of stealth (worn)
Magical Staves
 g - a staff of poison {!a}
Jewellery
 N - a ring of positive energy (left hand)
Scrolls
 c - 3 scrolls of teleportation {@r2}
 n - a scroll of amnesia
 o - a scroll of fog
Potions
 b - a potion of magic
 d - 2 potions of curing {@q1}
 h - 2 potions of flight {unknown}
 j - 3 potions of brilliance {unknown}
 k - a potion of degeneration {unknown}
 m - a potion of lignification {unknown}
 p - 2 potions of mutation {unknown}
 s - a potion of attraction {unknown}

Dungeon Overview and Level Annotations

Branches:
Dungeon (6/15)             Temple (0/1) D:4

Altars:
Ashenzari
Vehumet
Yredelemnul

Shops:
D:2 [   D:5 (

Annotations:
D:3 1 runed translucent door, Crazy Yiuf, Terence

#.... #.... #<... ..
#.... ### ...# #.... ..
#...###.... .# #........
# ###.# #####..... #.
#.@.# #......#.# #.
#o########.###.##.#
#.##.###S##)).....# ..#
.#
.....?.$ooo..#######..##
.# ....##..)..### .#
............## .#
.............#
.............#
.............#


You could see an orc warrior (poisoned), a water moccasin and 2 orcs.


Message History

You aren't carrying any items that you can evoke.
Unknown command.
You feel better.
The orc warrior hits you with a +0 war axe!
You focus on the pain.
You feel agile all of a sudden.
Casting: Necrotise (safe; 1% risk of failure)
Confirm with . or Enter, or press ? or * to list all spells.
Aiming: Necrotise (safe; 1% risk of failure)
Press: ? - help, Shift-Dir - straight line, f - orc warrior
Aim: an orc warrior, wielding a +0 war axe and wearing a +0 chain mail (moderately wounded, poisoned, chance to affect: 81%)
The orc warrior writhes in agony.
The orc warrior hits you with a +0 war axe!
* * * LOW HITPOINT WARNING * * *
Casting: Necrotise (safe; 1% risk of failure)
Confirm with . or Enter, or press ? or * to list all spells.
Aiming: Necrotise (safe; 1% risk of failure)
Press: ? - help, Shift-Dir - straight line, f/p - orc warrior
Aim: an orc warrior, wielding a +0 war axe and wearing a +0 chain mail (heavily wounded, poisoned, chance to affect: 81%)
The orc warrior writhes in agony!
The orc warrior hits you with a +0 war axe!
* * * LOW HITPOINT WARNING * * *
Casting: Necrotise (safe; 1% risk of failure)
Confirm with . or Enter, or press ? or * to list all spells.
Aiming: Necrotise (safe; 1% risk of failure)
Press: ? - help, Shift-Dir - straight line, f/p - orc warrior
Aim: an orc warrior, wielding a +0 war axe and wearing a +0 chain mail (almost dead, poisoned, chance to affect: 81%)
The orc warrior barely resists.
The orc warrior hits you with a +0 war axe.
You die...

Skill      XL: |  1  2  3  4  5  6  7 |
---------------+----------------------+-----
Necromancy     | 5 |  5.3
Long Blades    | 1 |  1.2
Poison Magic   | 1 2 3 4 5 |  5.0
Evocations     | 1 |  1.9
Staves         | 1 3 4 |  4.8
Dodging        | |  1.7
Stealth        | |  1.7
Spellcasting   | |  2.0

Action                     |  1- 3 |  4- 6 |  7- 9 || total
---------------------------+-------+-------+-------++-------
  Melee: Long sword        |    42 |    95 |    23 ||   160
         Unarmed           |     1 |       |       ||     1
         Tailslap          |     7 |    14 |     3 ||    24
         Punch             |     1 |     1 |       ||     2
   Cast: Necrotise         |    31 |    61 |    24 ||   116
    Use: Scroll            |     4 |     7 |     1 ||    12
         Potion            |       |     1 |     2 ||     3
   Stab: Sleeping          |     1 |     3 |     2 ||     6
 Armour: Robe              |    16 |    57 |    19 ||    92
  Dodge: Dodged            |    49 |    89 |    20 ||   158

Levels and vault maps discovered:
D:1:      dpeg_arrival_tiny_j, layout_loops_cross
D:2:      layout_loops_ring, serial_shops, shop, basic_ecumenical_altar,
          uniq_natasha
D:3:      layout_rooms, uniq_terence, uniq_crazy_yiuf_cottage, uniq_robin
D:4:      layout_basic, nicolae_vehumet_radiance,
          minmay_temple_entry_statues_pillars, kennysheep_generic_room_5
D:5:      layout_layer_cave, nicolae_tso_swordbearing_angel,
          lemuel_zombie_altar_yredelemnul, general_overflow_altar, serial_shops,
          shop
D:6:      layout_rooms, old_standard_altar, portal_sewer_entry_b

Notes
Turn   | Place    | Note
-------+----------+-------------------------------------------
     0 | D:1      | demibob the Demonspawn Necromancer began the quest for the
                  | Orb.
     0 | D:1      | Reached XP level 1. HP: 13/13 MP: 3/3
   282 | D:1      | Gained mutation: You have a small tail. [demonic ancestry]
   282 | D:1      | Reached XP level 2. HP: 6/19 MP: 0/5
   414 | D:1      | Reached skill level 5 in Necromancy
   691 | D:2      | Found Etho's Antique Armour Shop.
   867 | D:2      | Reached skill level 1 in Long Blades
   867 | D:2      | Gained mutation: You sometimes gain a little power by
                  | taking damage. [demonic ancestry]
   867 | D:2      | Reached XP level 3. HP: 24/24 MP: 1/6
  1017 | D:2      | Noticed Natasha
  1025 | D:2      | Killed Natasha
  1097 | D:2      | Found a faded altar of an unknown god.
  1393 | D:2      | Reached skill level 1 in Poison Magic
  1393 | D:2      | Reached skill level 1 in Evocations
  1393 | D:2      | Reached XP level 4. HP: 30/30 MP: 5/7
  1586 | D:3      | Reached skill level 1 in Staves
  1730 | D:3      | Noticed Robin
  1738 | D:3      | Killed Robin
  2030 | D:3      | Found a runed translucent door.
  2031 | D:3      | Noticed Crazy Yiuf
  2158 | D:3      | Noticed Terence
  2306 | D:4      | Reached skill level 2 in Poison Magic
  2342 | D:4      | Found a radiant altar of Vehumet.
  2346 | D:4      | Noticed a scorpion
  2371 | D:4      | Gained mutation: Your demonic aura sometimes causes spilled
                  | blood to erupt in flames. [demonic ancestry]
  2371 | D:4      | Reached XP level 5. HP: 35/35 MP: 2/8
  2441 | D:4      | Became a worshipper of Vehumet
  2452 | D:4      | Found a staircase to the Ecumenical Temple.
  2496 | D:4      | Reached skill level 2 in Staves
  3221 | D:2      | Bought a pair of embroidered gloves for 202 gold pieces
  3267 | D:5      | Entered Level 5 of the Dungeon
  3267 | D:5      | Found Tufas's Antique Weapon Shop.
  3320 | D:5      | Reached skill level 3 in Poison Magic
  3333 | D:5      | Reached skill level 3 in Staves
  3333 | D:5      | Gained mutation: You have a tail ending in a sharp stinger.
                  | [demonic ancestry]
  3333 | D:5      | Reached XP level 6. HP: 39/41 MP: 5/9
  3651 | D:5      | Reached skill level 4 in Poison Magic
  3717 | D:5      | Reached skill level 4 in Staves
  3717 | D:5      | Reached XP level 7. HP: 40/46 MP: 10/10
  4050 | D:5      | HP: 2/46 [ogre/+0 giant club (17)]
  4051 | D:5      | Reached * piety under Vehumet
  4051 | D:5      | Offered knowledge of Foxfire by Vehumet.
  4052 | D:5      | Reached skill level 5 in Poison Magic
  4344 | D:5      | Found a broken altar of Ashenzari.
  4890 | D:5      | Found a basalt altar of Yredelemnul.
  5173 | D:6      | HP: 1/46 [orc warrior/+0 war axe (10)]
  5174 | D:6      | Slain by an orc warrior

Vanquished Creatures
  2 ogres (D:5)
  3 scorpions
  A water moccasin zombie (D:5)
  A howler monkey (D:5)
  A hound (D:6)
  An orc priest (D:6)
  Natasha (D:2)
  An iguana (D:5)
  An orc wizard (D:5)
  A hound zombie (D:5)
  Robin (D:3)
  6 adders
  An ufetubus (D:5)
  2 worms
  7 orcs
  8 ball pythons
  5 endoplasms
  2 giant cockroaches
  4 hobgoblins
  7 kobolds
  2 quokkas
  4 bats
  4 frilled lizards
  17 goblins
  3 rats
86 creatures vanquished.

Vanquished Creatures (collateral kills)
  A scorpion (D:5)
  A dart slug (D:2)
  A goblin (D:3)
  A kobold (D:4)
4 creatures vanquished.

Grand Total: 90 creatures vanquished

Table legend: (Time is in decaauts)
 A = Elapsed time spent in this place.
 B = Non-inter-level travel time spent in this place.
 C = Inter-level travel time spent in this place.
 D = Time resting spent in this place.
 E = Time spent auto-exploring this place.
 F = Levels seen in this place.
 G = Mean time per level.
                   A        B        C        D        E       F      G
               +--------+--------+--------+--------+--------+-----+--------+
         Total |   5229 |   4993 |    236 |     52 |   4133 |   6 |  871.5 |
       Dungeon |   5229 |   4993 |    236 |     52 |   4133 |   6 |  871.5 |
               +--------+--------+--------+--------+--------+-----+--------+

Top non-repeatable levels by time:
     D:5: 1872 daAuts
     D:4: 981 daAuts
     D:2: 877 daAuts
     D:3: 742 daAuts
     D:1: 696 daAuts
     D:6: 59 daAuts

Table legend:
 A = Non-vault XP
 B = Vault XP
 C = Vault XP percentage of total XP
 D = Non-vault monster count
 E = Vault monster count
 F = Vault count percentage of total count
                 A         B        C        D         E       F
            +---------+---------+-------+---------+---------+-------
      Total |     983 |     171 |  14.8 |      75 |      15 |  16.7
            +---------+---------+-------+---------+---------+-------
        D:1 |      20 |       0 |   0.0 |      12 |       0 |   0.0
        D:2 |      43 |      36 |  45.6 |      17 |       1 |   5.6
        D:3 |      33 |      34 |  50.7 |      14 |      11 |  44.0
        D:4 |     128 |       5 |   3.8 |      14 |       1 |   6.7
        D:5 |     670 |      96 |  12.5 |      14 |       2 |  12.5
        D:6 |      89 |       0 |   0.0 |       4 |       0 |   0.0
            +---------+---------+-------+---------+---------+-------
